 Dungeon Crawl Stone Soup version 0.31-a0-1025-g2e47921a08 (webtiles) character file.

Game seed: 12152391084667895938

25 Monkfish the Cutter (level 3, 0/23 HPs)
             Began as a Kobold Monk on Nov 18, 2023.
             Slain by a goblin
             ... wielding a +0 dagger
              (2 damage)
             ... on level 1 of the Dungeon.
             The game lasted 00:01:24 (719 turns).

Monkfish the Cutter (Kobold Monk)                    Turns: 719, Time: 00:01:24

Health: 0/23       AC:  2    Str:  8    XL:     3   Next: 17%
Magic:  3/3        EV: 16    Int: 11    God:
Gold:   69         SH:  0    Dex: 19    Spells: 2/2 levels left

rFire   . . .        a - +0 short sword
rCold   . . .        d - orb {light}
rNeg    . . .        b - +0 robe
rPois   .            (no helmet)
rElec   .            (no cloak)
rCorr   .            (no gloves)
SInv    .            (no boots)
Will    .....        (no amulet)
Stlth   +            (no ring)
HPRegen 0.23/turn    (no ring)
MPRegen 0.08/turn

%: no passive effects
@: mighty, glowing
A: small, no large weapons, nightstalker 3
a: no special abilities


You were on level 1 of the Dungeon.
You visited 1 branch of the dungeon, and saw 1 of its levels.

You collected 69 gold pieces.

Inventory:

Hand Weapons
 a - a +0 short sword (weapon)
Armour
 b - a +0 robe (worn)
 d - an orb of light (worn)
Jewellery
 i - a ring of wizardry
Scrolls
 e - 2 scrolls of teleportation {unknown}
 g - 2 scrolls of fear {unknown}
 h - a scroll of enchant armour {unknown}
Potions
 c - a potion of ambrosia
 f - a potion of might
 j - a potion of curing {unknown}


   Skills:
 + Level 3.5 Fighting
 * Level 4.7 Short Blades
 + Level 3.9 Dodging
 * Level 1.2 Stealth


You had 2 spell levels left.
You didn't know any spells.
Your spell library was empty.

Dungeon Overview and Level Annotations

Branches:
Dungeon (1/15)

Altars:


Innate Abilities, Weirdness & Mutations

You are small and have problems with some larger weapons.
You are completely attuned to the shadows.


Message History

* * * LOW HITPOINT WARNING * * *
The gnoll attacks as it pursues you! The gnoll misses you.
The gnoll attacks as it pursues you! The gnoll closely misses you.
You hit the gnoll.
The gnoll is heavily wounded.
The gnoll misses you.
You hit the gnoll.
The gnoll is heavily wounded.
The gnoll barely misses you.
You hit the gnoll.
The gnoll is severely wounded.
The gnoll hits you with a +0 whip of pain.
* * * LOW HITPOINT WARNING * * *
You writhe in agony.
* * * LOW HITPOINT WARNING * * *
You hit the gnoll.
The gnoll is severely wounded.
You barely miss the gnoll.
The gnoll is severely wounded.
The gnoll closely misses you.
It was a potion of might.
You feel very mighty all of a sudden. The gnoll closely misses you.
You puncture the gnoll!
You kill the gnoll!
Your Stealth skill increases to level 1!
You have reached level 3!
Your experience leads to an increase in your attributes!
Increase (S)trength, (I)ntelligence, or (D)exterity?
You feel agile. x2
You puncture the goblin!
You kill the goblin!
The goblin hits you with a +0 club.
* * * LOW HITPOINT WARNING * * *
Things that are here:
a +0 dagger; a +0 whip of pain; a gnoll corpse You puncture the goblin!
You kill the goblin!
You barely miss the goblin. The goblin hits you with a +0 dagger.
You die...

~≈###..#.....###############....#
≈≈###..#.###.######.............#
≈≈#......# #........#...........#
≈≈###..#.###.########.......#####
≈≈# #..#.......>............# ≈≈#
#..###.#.########.......# ≈≈#
#.## ##### #.......#### ≈≈#
8~~.########.......##.## ≈≈#
~~....g@.........###...# ≈≈#
.....###.###.###.##..... ≈≈#
.##..# #.# #.# #.#...... ≈≈# #..#
#.# #.# #.##...>. ≈≈# ...# #.#
#.###.###...# ≈≈# .##.# #.#
#....#.....## ≈≈# #.#
#####.###### ≈≈# #.# #.# ≈≈# #.#
#.#


You could see a goblin.

Vanquished Creatures
  A gnoll (D:1)
  A ball python (D:1)
  A giant cockroach (D:1)
  4 goblins (D:1)
  2 hobgoblins (D:1)
  2 quokkas (D:1)
  A bat (D:1)
12 creatures vanquished.

Notes
Turn   | Place    | Note
-------+----------+-------------------------------------------
     0 | D:1      | Monkfish the Kobold Monk began the quest for the Orb.
     0 | D:1      | Reached XP level 1. HP: 14/14 MP: 1/1
   149 | D:1      | Reached XP level 2. HP: 15/19 MP: 2/2
   323 | D:1      | Found a faded altar of an unknown god.
   716 | D:1      | Reached skill level 1 in Stealth
   716 | D:1      | Reached XP level 3. HP: 3/23 MP: 3/3
   719 | D:1      | Slain by a goblin

Illustrated notes

Levels and vault maps discovered:
D:1:      zaba_arrival_water, layout_loops_ring,
          dilly_ecumenical_altar_fadedgnrine, minmay_misc_feat_ornament,
          moated_statue

Skill      XL: |  1  2 |
---------------+-------+-----
Stealth        | 1 |  1.2
Fighting       | |  3.5
Short Blades   | |  4.7
Dodging        | |  3.9

Action                     || total
---------------------------++-------
  Melee: Short sword       ||    55
    Use: Potion            ||     1
   Stab: Sleeping          ||     1
 Armour: Robe              ||    20
  Dodge: Dodged            ||    44

Table legend: (Time is in decaauts)
 A = Elapsed time spent in this place.
 B = Non-inter-level travel time spent in this place.
 C = Inter-level travel time spent in this place.
 D = Time resting spent in this place.
 E = Time spent auto-exploring this place.
 F = Levels seen in this place.
 G = Mean time per level.
                   A        B        C        D        E       F      G
               +--------+--------+--------+--------+--------+-----+--------+
         Total |    715 |    715 |      0 |      0 |    585 |   1 |  715.0 |
       Dungeon |    715 |    715 |      0 |      0 |    585 |   1 |  715.0 |
               +--------+--------+--------+--------+--------+-----+--------+

Top non-repeatable levels by time:
     D:1: 715 daAuts
